 Dungeon Crawl Stone Soup version 0.29-a0-577-gafbf2c5d25 (webtiles) character file.

Game seed: 13894095934522879852

2405 happo123 the Ruffian (level 9, -1/84 HPs)
             Began as a Troll Warper on June 14, 2022.
             Was a Follower of Ru.
             Slain by an elephant (3 damage)
             ... on level 8 of the Dungeon.
             The game lasted 00:33:55 (5652 turns).

happo123 the Ruffian (Troll Warper)                 Turns: 5652, Time: 00:33:55

Health: -1/84      AC:  4    Str: 27    XL:     9   Next: 23%
Magic:  21/21      EV:  4    Int: 16    God:    Ru [*.....]
Gold:   289        SH:  7    Dex:  9    Spells: 12/14 levels left

rFire   . . .      SeeInvis +     - Unarmed
rCold   . . .      Faith    .   t - +0 kite shield "Hus Rac" {Rampage rCorr Int+3 SInv}
rNeg    . . .      Spirit   .   a - +0 robe
rPois   .          Reflect  .   (helmet restricted)
rElec   .          Harm     .   (no cloak)
rCorr   +          Rampage  +   (gloves unavailable)
Will    .....                   (boots unavailable)
Stlth   +.........              (no amulet)
HPRegen 1.04/turn               l - +6 ring of strength
MPRegen 0.17/turn               w - ring of magical power

@: no status effects
A: large, unfitting armour, claws 3, regeneration 1, shaggy fur 1, tough skin 1,
reduced EV 1
a: Renounce Religion


You were on level 8 of the Dungeon.
You worshipped Ru.
Ru was aware of your devotion.
You visited 2 branches of the dungeon, and saw 9 of its levels.

You collected 289 gold pieces.

Inventory:

Hand Weapons
 q - a +2 spectral club
 r - the +8 shortbow "Hydraslayer" {vorpal, rPois}
   (You found it on level 3 of the Dungeon)

   Any ammunition fired from it inflicts extra damage upon your enemies.
   rPois:     It protects you from poison.
Missiles
 c - 7 boomerangs of dispersal (quivered)
 y - 6 boomerangs
 F - 2 throwing nets
Armour
 a - a +0 robe (worn)
 t - the +0 kite shield "Hus Rac" (worn) {Rampage rCorr Int+3 SInv}
   (You found it on level 3 of the Dungeon)

   Int:       It affects your intelligence (+3).
   SInv:      It lets you see invisible.
   rCorr:     It protects you from acid and corrosion.
   Rampage:   It bestows one free step when moving towards enemies.
Jewellery
 l - a +6 ring of strength (left claw)
 w - a ring of magical power (right claw)
Wands
 k - a wand of charming (15)
 C - a wand of flame (8)
 I - a wand of digging (4)
 K - a wand of polymorph (9)
 L - a wand of paralysis (8)
Scrolls
 b - 2 scrolls of blinking
 g - 4 scrolls of teleportation {unknown}
 h - 2 scrolls of amnesia {unknown}
 i - 2 scrolls of torment {unknown}
 j - 2 scrolls of fear {unknown}
 m - 3 scrolls of magic mapping {unknown}
 s - 3 scrolls of vulnerability {unknown}
 v - 4 scrolls of identify {unknown}
 A - a scroll of enchant armour {unknown}
 B - 2 scrolls of enchant weapon {unknown}
 D - a scroll of immolation {unknown}
 G - a scroll of poison {unknown}
 J - a scroll of brand weapon {unknown}
Potions
 d - 5 potions of curing {unknown}
 e - 4 potions of brilliance {unknown}
 f - 2 potions of resistance
 n - a potion of mutation {unknown}
 o - a potion of berserk rage {unknown}
 p - 2 potions of might {unknown}
 u - 2 potions of degeneration {unknown}
 x - a potion of cancellation {unknown}
 z - 2 potions of flight {unknown}
 E - a potion of heal wounds {unknown}
 H - a potion of haste {unknown}


   Skills:
 + Level 3.8 Fighting
 - Level 0.8 Throwing
 + Level 4.0 Dodging
 + Level 3.2 Shields
 * Level 6.6 Unarmed Combat
 + Level 3.0 Spellcasting
 * Level 5.2 Translocations
 + Level 1.1 Ice Magic


You had 12 spell levels left.
You knew the following spells:

 Your Spells              Type           Power      Damage    Failure   Level
a - Blink                 Tloc           38%        N/A       8%          2

Your spell library contained the following spells:

 Spells                   Type           Power      Damage    Failure   Level
 Gell's Gravitas          Tloc           19%        N/A       16%         3
 Lesser Beckoning         Tloc           19%        N/A       16%         3
 Teleport Other           Tloc           19%        N/A       16%         3
 Beastly Appendage        Tmut           4%         N/A       41%         1
 Poisonous Vapours        Pois/Air       4%         N/A       54%         2
 Wereblood                Tmut           2%         N/A       54%         2
 Frozen Ramparts          Ice            10%        1d3       63%         3
 Spider Form              Tmut/Pois      2%         N/A       78%         3
 Summon Guardian Golem    Hex/Summ       2%         N/A       78%         3
 Manifold Assault         Tloc           19%        N/A       80%         5
 Ice Form                 Ice/Tmut       4%         N/A       98%         4
 Summon Ice Beast         Ice/Summ       4%         N/A       98%         4
 Anguish                  Hex/Necr       1%         N/A       99%         4
 Corpse Rot               Necr/Pois/Air  2%         N/A       99%         4
 Enfeeble                 Hex            1%         N/A       100%        7
 Orb of Destruction       Conj           1%         9d5       100%        7
 Spellforged Servitor     Conj/Summ      1%         N/A       100%        7


Dungeon Overview and Level Annotations

Branches:
Dungeon (8/15)             Temple (1/1) D:5            Lair (0/6) D:8

Altars:
Ashenzari
Cheibriados
Dithmenos
Elyvilon
Fedhas
Gozag
Hepliaklqana
Kikubaaqudgha
Makhleb
Nemelex Xobeh
Okawaru
Qazlal
Ru
Sif Muna
Trog
Uskayaw
Vehumet
Wu Jian
Xom
Yredelemnul
Zin
The Shining One

Shops:
D:7 =


Innate Abilities, Weirdness & Mutations

You are too large for most types of armour.
You have claws for hands.
Your natural rate of healing is unusually fast.
You are covered in fur. (AC +1)
You have tough skin. (AC +1)
You have somewhat slow reflexes. (EV -5)


Message History

You scratch the basilisk but do no damage.
The basilisk is moderately wounded.
The basilisk begins to attack, but is stunned by your conviction!
You claw the basilisk!
The basilisk is severely wounded.
You block the basilisk's attack.
You barely miss the basilisk.
The basilisk is severely wounded.
The basilisk gazes at you.
You are slowing down.
You claw the basilisk!
You kill the basilisk!
Your limbs are stiffening.
Your Spellcasting skill increases to level 3!
You claw the elephant!
The elephant is lightly wounded.
The elephant tramples you!
You stumble backwards!
You have turned to stone.
The elephant tramples you.
You are shoved backwards!
The elephant tramples you.
You are shoved backwards!
The elephant tramples you but does no damage.
The elephant trunk-slaps you but does no damage.
The elephant tramples you but does no damage.
The elephant trunk-slaps you. The elephant tramples you!
You are shoved backwards!
The elephant tramples you!
You hold your ground!
The elephant trunk-slaps you. The elephant tramples you!
You are shoved backwards!
The elephant tramples you!
You are shoved backwards!
The elephant tramples you!
You hold your ground!
The elephant trunk-slaps you but does no damage.
You turn to flesh and can move again.
The elephant is stunned by your conviction and fails to attack.
You completely miss the wight.
The wight hits you with a +4 flail of freezing!
* * * LOW HITPOINT WARNING * * *
The wight freezes you.
* * * LOW HITPOINT WARNING * * *
The elephant tramples you!
* * * LOW HITPOINT WARNING * * *
You hold your ground!
The elephant trunk-slaps you.
You die...

..P... ##........# ....
#.........# #...
##..Y......#
##..###...l.....#..
#.....####l.....#.#
######.....# #........#
...........####...##.###
#..Y.........# .#
#.@z..######.# $#
##z#### #.# #.# #.# #.#
#.# #.# ##.# #.#
#####.#.#
#######.####....###.#
..........##.###.# ...
.##.#####.##.# #.# ###


You could see an elephant and 2 wights.

Vanquished Creatures
  2 basilisks (D:8)
  A wyvern (D:8)
  An ice beast (D:6)
  3 black bears
  2 centaurs
  A bullfrog (D:8)
  3 kobold brigands
  3 necrophages
  2 scorpions
  4 wights (D:6)
  A howler monkey (D:7)
  A gnoll shaman (D:5)
  4 hounds
  3 jellies
  Jessica (D:2)
  3 iguanas
  An orc wizard (D:6)
  7 gnolls
  11 adders
  A white imp (D:6)
  4 worms
  2 dart slugs
  14 orcs
  9 ball pythons
  10 endoplasms
  2 giant cockroaches
  4 goblins
  2 hobgoblins
  8 jackals
  23 kobolds
  3 quokkas
  6 bats
  2 frilled lizards (D:1)
  5 rats
149 creatures vanquished.

Notes
Turn   | Place    | Note
-------+----------+-------------------------------------------
     0 | D:1      | happo123 the Troll Warper began the quest for the Orb.
     0 | D:1      | Reached XP level 1. HP: 19/19 MP: 1/1
   173 | D:1      | Reached XP level 2. HP: 27/27 MP: 3/3
   176 | D:1      | Learned a level 2 spell: Blink
   768 | D:2      | Reached XP level 3. HP: 29/35 MP: 4/4
   843 | D:2      | Found a blossoming altar of Fedhas.
   920 | D:2      | Reached skill level 3 in Unarmed Combat
   928 | D:2      | Reached XP level 4. HP: 33/42 MP: 5/5
  1279 | D:2      | Noticed Jessica
  1282 | D:2      | Killed Jessica
  1317 | D:2      | Found a faded altar of an unknown god.
  1366 | D:3      | Reached XP level 5. HP: 49/49 MP: 6/6
  1541 | D:3      | Identified the +8 shortbow "Hydraslayer" {vorpal, rPois}
  1642 | D:3      | Identified the +0 kite shield "Hus Rac" {Rampage rCorr
                  | Int+3 SInv}
  2203 | D:4      | Noticed a black bear
  2208 | D:4      | Killed a black bear
  2209 | D:4      | Reached skill level 4 in Unarmed Combat
  2209 | D:4      | Reached XP level 6. HP: 52/59 MP: 7/7
  2403 | D:4      | Reached skill level 1 in Shields
  2520 | D:4      | Found a faded altar of an unknown god.
  2522 | D:4      | Found a hazy altar of Hepliaklqana.
  2755 | D:5      | Entered Level 5 of the Dungeon
  2772 | D:5      | Reached XP level 7. HP: 58/66 MP: 9/9
  2801 | D:5      | Found a staircase to the Ecumenical Temple.
  2809 | Temple   | Entered the Ecumenical Temple
  3027 | Temple   | Became a worshipper of Ru the Awakened
  3799 | D:6      | Reached skill level 5 in Unarmed Combat
  3908 | D:6      | Reached XP level 8. HP: 52/73 MP: 10/10
  4015 | D:6      | Gained mutation: You have somewhat slow reflexes. (EV -5)
                  | [Ru sacrifice]
  4015 | D:6      | Reached * piety under Ru
  4617 | D:7      | Reached skill level 6 in Unarmed Combat
  5227 | D:7      | Found Nifosui's Jewellery Shoppe.
  5518 | D:8      | Reached skill level 5 in Translocations
  5526 | D:8      | Reached XP level 9. HP: 31/84 MP: 12/12
  5615 | D:8      | Found a staircase to the Lair.
  5615 | D:8      | Noticed an elephant
  5635 | D:8      | Reached skill level 1 in Ice Magic
  5652 | D:8      | HP: 2/84 [elephant (17)]
  5652 | D:8      | Slain by an elephant

Illustrated notes

Levels and vault maps discovered:
D:1:      dpeg_arrival_leaves_temple_mockup, layout_basic
D:2:      layout_rooms, basic_altar,
          dreamdust_ecumenical_altar_hidden_monk_grotto,
          corexii_item_surrounded_by_moat, uniq_jessica
D:3:      layout_rooms
D:4:      layout_loops_ring, beargit_hepliaklqana_dungeon_heroes
D:5:      layout_gridville, minmay_temple_entry_statues_pillars,
          kennysheep_generic_room_9
D:6:      layout_gridville
D:7:      layout_cave_pods, serial_shops, shop, grunt_decor_resistance
D:8:      layout_loops_ring, david_lair_generic, serial_shops,
          nicolae_shop_statue_plus, uniq_amaemon
Temple:   regret_index_temple_sigil_plot

Skill      XL: |  1  2  3  4  5  6  7  8  9 |
---------------+----------------------------+-----
Dodging        | 2 3 4 |  4.0
Unarmed Combat | 3 4 5 6 |  6.6
Fighting       | 2 3 |  3.8
Translocations | 3 4 5 |  5.2
Shields        | 1 2 3 |  3.2
Spellcasting   | 2 3 |  3.0
Ice Magic      | 1 |  1.1
Throwing       | |  0.8

Action                   |  1- 3 |  4- 6 |  7- 9 || total
-------------------------+-------+-------+-------++-------
Melee: Unarmed           |   103 |   121 |   223 ||   447
       Punch             |     1 |       |       ||     1
       Club              |       |    58 |       ||    58
 Cast: Blink             |       |     2 |     1 ||     3
Invok: Sacrifice Health  |       |       |     1 ||     1
 Stab: Sleeping          |       |     1 |       ||     1
Armor: Robe              |    42 |    47 |    48 ||   137
Dodge: Dodged            |    72 |    66 |    63 ||   201
Block: Kite shield       |       |    29 |    81 ||   110

Table legend: (Time is in decaauts)
 A = Elapsed time spent in this place.
 B = Non-inter-level travel time spent in this place.
 C = Inter-level travel time spent in this place.
 D = Time resting spent in this place.
 E = Time spent auto-exploring this place.
 F = Levels seen in this place.
 G = Mean time per level.
                   A        B        C        D        E       F      G
               +--------+--------+--------+--------+--------+-----+--------+
         Total |   5675 |   5117 |    558 |     37 |   3869 |   9 |  630.6 |
       Dungeon |   5291 |   4941 |    350 |     37 |   3707 |   8 |  661.4 |
        Temple |    383 |    175 |    208 |      0 |    162 |   1 |  383.0 |
               +--------+--------+--------+--------+--------+-----+--------+

Top non-repeatable levels by time:
     D:7: 917 daAuts
     D:6: 917 daAuts
     D:4: 792 daAuts
     D:1: 743 daAuts
     D:3: 630 daAuts
     D:2: 603 daAuts
     D:5: 525 daAuts
  Temple: 383 daAuts
     D:8: 162 daAuts
